 Dungeon Crawl Stone Soup version 0.23.2 (webtiles) character file.

Game seed: 3109092690407308307

1388 Borgoz the Cutter (level 9, -1/52 HPs)
             Began as a Kobold Gladiator on Apr 14, 2019.
             Slain by an ice beast (9 damage)
             ... on level 10 of the Dungeon.
             The game lasted 00:07:15 (4784 turns).

Borgoz the Cutter (Kobold Gladiator)                Turns: 4784, Time: 00:07:16

Health: -1/52      AC:  7    Str: 20    XL:     9   Next: 0%
Magic:  14/14      EV: 18    Int:  9    God:
Gold:   315        SH:  0    Dex: 17    Spells: 15/15 levels left

rFire    . . .     SeeInvis .   a - +0 rapier
rCold    . . .     Gourm    .   (shield restricted)
rNeg     . . .     Faith    .   b - +0 leather armour
rPois    +         Spirit   .   c - +1 helmet
rElec    .         Reflect  .   o - +0 cloak
rCorr    .         Harm     .   (no gloves)
MR       .....     Rnd*Tele +   (no boots)
Stlth    +++.......             (no amulet)
HPRegen  0.17/turn              s - ring of poison resistance
MPRegen  0.14/turn              q - ring "Keaquuf" {*Tele rPois Str+6}

@: berserk cooldown, slowed, very slow
A: small, carnivore
a: no special abilities


You were on level 10 of the Dungeon.
You were full.

You visited 1 branch of the dungeon, and saw 8 of its levels.

You collected 315 gold pieces.

Inventory:

Hand Weapons
 a - a +0 rapier (weapon)
Armour
 b - a +0 leather armour (worn)
 c - a +1 helmet (worn)
 o - a +0 cloak (worn)
Jewellery
 q - the ring "Keaquuf" (right hand) {*Tele rPois Str+6}
   (You found it on level 6 of the Dungeon)

   [ring of teleportation]

   It may teleport you next to monsters.
   It affects your strength (+6).
   It protects you from poison.
 s - a ring of poison resistance (left hand)
Scrolls
 g - 2 scrolls of enchant armour
 i - 4 scrolls of remove curse
 m - a scroll of blinking
 p - a scroll of teleportation
Potions
 j - 2 potions of mutation
 n - a potion of haste
 r - a potion of resistance
Comestibles
 f - 11 rations


   Skills:
 + Level 4.6 Fighting
 + Level 6.4 Short Blades
 - Level 2.1 Throwing
 * Level 4.4 Armour
 + Level 5.8 Dodging
 + Level 5.2 Stealth
 + Level 3.7 Spellcasting


You had 15 spell levels left.
You didn't know any spells.
Your spell library was empty.

Dungeon Overview and Level Annotations

Branches:
Dungeon (10/15)
 Temple: D:4-7         Lair: D:8-11         Orc: D:9-12

Altars:
Ashenzari
Cheibriados
Dithmenos
Fedhas
Gozag
Qazlal
Ru
Trog
Uskayaw
Wu Jian
Yredelemnul
The Shining One


Innate Abilities, Weirdness & Mutations

You are small and have problems with some larger weapons.
You are carnivorous and can eat meat at any time.


Message History

You aren't carrying any items that you can evoke.
Throwing (i - inventory)
d - a throwing net (quivered)
Press: ? - help, Shift-Dir - straight line, f - ice beast
Aim: an ice beast You throw a throwing net.
The throwing net hits the ice beast.
The ice beast is caught in the net!
The ice beast struggles against the net. x2
You hit the ice beast but do no damage.
The ice beast struggles against the net.
You puncture the ice beast!
The ice beast is heavily wounded.
The ice beast struggles against the net.
You hit the ice beast.
The ice beast is heavily wounded.
The ice beast struggles against the net.
The net rips apart, and the ice beast comes free!
The ice beast hits you.
* * * LOW HITPOINT WARNING * * *
The ice beast freezes you!
You die...

#####+####
#........#
#....<...#
#Y@......#
#........+
#........#
#........#
#........#
##########


You could see an ice beast.

Vanquished Creatures
  A hippogriff (D:4)
  Sigmund (D:4)
  2 ogres
  A sky beast (D:5)
  2 phantoms
  A bullfrog (D:9)
  A scorpion (D:9)
  A centaur zombie (D:5)
  2 crimson imps
  A centaur skeleton (D:9)
  2 hounds
  A bullfrog skeleton (D:5)
  2 orc wizards
  Natasha (D:2)
  2 worker ants (D:5)
  3 gnolls (D:2)
  7 adders
  A shadow imp (D:5)
  An ooze (D:1)
  3 worms
  A dart slug (D:1)
  A leopard gecko (D:1)
  6 orcs
  A ball python (D:1)
  7 bats
  2 giant cockroaches
  4 goblins
  5 hobgoblins
  2 jackals (D:5)
  A ball python skeleton (D:5)
  7 frilled lizards
  A goblin skeleton (D:9)
  A goblin zombie (D:9)
  2 hobgoblin zombies (D:9)
  A jackal zombie (D:5)
  4 kobolds
  2 orc zombies (D:9)
  A quokka zombie (D:5)
  6 rats
91 creatures vanquished.

Notes
Turn   | Place    | Note
-------+----------+-------------------------------------------
     0 | D:1      | Borgoz the Kobold Gladiator began the quest for the Orb.
     0 | D:1      | Reached XP level 1. HP: 12/12 MP: 1/1
    55 | D:1      | Reached XP level 2. HP: 13/17 MP: 2/2
   158 | D:1      | Reached skill level 1 in Armour
   377 | D:1      | Reached XP level 3. HP: 22/22 MP: 3/3
   454 | D:1      | Reached skill level 1 in Stealth
   880 | D:2      | Found a blossoming altar of Fedhas.
  1119 | D:2      | Found a shattered altar of Ashenzari.
  1212 | D:2      | Reached skill level 1 in Spellcasting
  1212 | D:2      | Reached XP level 4. HP: 27/27 MP: 5/5
  1317 | D:2      | Noticed Natasha
  1325 | D:2      | Killed Natasha
  1620 | D:2      | Reached XP level 5. HP: 29/31 MP: 6/6
  2229 | D:3      | Found a faded altar of an unknown god.
  2463 | D:4      | Found a shadowy altar of Dithmenos.
  2514 | D:4      | Found a bloodstained altar of Trog.
  2517 | D:4      | Found a snail-covered altar of Cheibriados.
  2517 | D:4      | Found a sacrificial altar of Ru.
  2517 | D:4      | Found a hide-covered altar of Uskayaw.
  2519 | D:4      | Found an ornate altar of the Wu Jian Council.
  2520 | D:4      | Found an opulent altar of Gozag.
  2549 | D:4      | You fall through a shaft for 2 floors!
  2550 | D:6      | Noticed an ogre
  2557 | D:6      | Killed an ogre
  2557 | D:6      | Reached XP level 6. HP: 37/37 MP: 8/8
  2570 | D:5      | Entered Level 5 of the Dungeon
  2590 | D:5      | Reached skill level 5 in Short Blades
  2840 | D:4      | Reached XP level 7. HP: 40/41 MP: 10/10
  3139 | D:4      | Noticed a hippogriff
  3152 | D:4      | Killed a hippogriff
  3152 | D:4      | Reached skill level 5 in Dodging
  3152 | D:4      | Reached XP level 8. HP: 23/48 MP: 10/12
  3468 | D:4      | Noticed Sigmund
  3486 | D:4      | Killed Sigmund
  3824 | D:5      | Reached skill level 6 in Short Blades
  3860 | D:5      | Found a glowing golden altar of the Shining One.
  3867 | D:5      | Found a basalt altar of Yredelemnul.
  4390 | D:5      | Noticed an angel
  4426 | D:6      | Got a steaming marble ring
  4427 | D:6      | Identified the ring "Keaquuf" {*Tele rPois Str+6} (You
                  | found it on level 6 of the Dungeon)
  4432 | D:6      | You fall through a shaft for 3 floors!
  4478 | D:9      | Found a stormy altar of Qazlal.
  4495 | D:9      | Reached skill level 5 in Stealth
  4770 | D:9      | Reached XP level 9. HP: 22/52 MP: 14/14
  4775 | D:10     | Entered Level 10 of the Dungeon
  4784 | D:10     | Slain by an ice beast

Skill      XL: |  1  2  3  4  5  6  7  8 |
---------------+-------------------------+-----
Armour         | 1 2 3 4 |  4.4
Stealth        | 1 2 3 4 5 |  5.2
Spellcasting   | 1 2 3 |  3.7
Dodging        | 4 5 |  5.8
Fighting       | 3 4 |  4.6
Short Blades   | 5 6 |  6.4
Throwing       | |  2.1

Action                   |  1- 3 |  4- 6 |  7- 9 || total
-------------------------+-------+-------+-------++-------
Melee: Rapier            |   104 |   119 |   193 ||   416
Throw: Throwing net      |       |     3 |     4 ||     7
  Use: Potion            |       |     1 |    10 ||    11
       Scroll            |       |     6 |     5 ||    11
 Stab: Sleeping          |     1 |     5 |     6 ||    12
       Distracted        |     1 |       |       ||     1
       Held in net/web   |       |     1 |     1 ||     2
  Eat: Chunk             |     1 |    13 |     6 ||    20
Armor: Leather armour    |    34 |    15 |    26 ||    75
Dodge: Dodged            |   132 |    70 |   144 ||   346
